 Dungeon Crawl Stone Soup version 0.27-a0-1291-geefcff550b (webtiles) character file.

Game seed: 1001035546202514028

62870 freelancePsychic the Nimble (level 14, -4/141 HPs)
             Began as a Demonspawn Artificer on June 15, 2021.
             Was the Champion of Okawaru.
             Splashed by an oklob plant's acid (13 damage)
             ... on level 6 of the Lair of Beasts.
             The game lasted 01:03:52 (19973 turns).

freelancePsychic the Nimble (Demonspawn Artificer) Turns: 19973, Time: 01:03:53

Health: -4/141     AC: 21    Str: 16    XL:     14   Next: 65%
Magic:  15/20      EV: 19    Int: 23    God:    Okawaru [******]
Gold:   2423       SH:  4    Dex: 15    Spells: 15/21 levels left

rFire    . . .     SeeInvis +     - Unarmed
rCold    . . .     Faith    .   (no shield)
rNeg     + . .     Spirit   .   (armour currently unavailable)
rPois    ∞         Reflect  .   Y - +1 helmet {SInv}
rElec    +         Harm     .   F - +0 cloak
rCorr    .         Rampage  .   (gloves unavailable)
Will     ++...                  (boots currently unavailable)
Stlth    ++........             r - amulet of regeneration
HPRegen  1.33/turn              t - ring of willpower
MPRegen  0.17/turn              q - ring "Ziehov" {rPois AC+4 Int+6}

@: about to teleport, statue-form, corroded, very slow
A: slow and powerful, torment resistance 1, boosted hp, claws 3, foul stench 2,
icemail 1, big brain 2, condensation shield
a: End Transformation, Renounce Religion, Heroism, Finesse


You were on level 6 of the Lair of Beasts.
You worshipped Okawaru.
Okawaru was exalted by your worship.
You were a living statue of rough stone.
You visited 4 branches of the dungeon, and saw 20 of its levels.
You also visited: Ice Cave.

You collected 4465 gold pieces.
You spent 2042 gold pieces at shops.

Inventory:

Hand Weapons
 g - a +0 whip
Missiles
 m - 7 curare-tipped darts
 z - 3 throwing nets
 W - 8 boomerangs of dispersal
Armour
 l - a +2 pair of boots
 o - the +3 pair of seven-league boots (melded) {Rampage+∞}
   (You found it in an ice cave)
 C - a +0 kite shield
 F - a +0 cloak (worn)
 P - +1 steam dragon scales (melded)
 Y - a +1 helmet of see invisible (worn)
Jewellery
 f - a ring of protection from cold
 q - the ring "Ziehov" (right claw) {rPois AC+4 Int+6}
   (You bought it in a shop on level 4 of the Dungeon)

   [ring of protection]

   It affects your AC (+4).
   It affects your intelligence (+6).
   It protects you from poison.
 r - an amulet of regeneration (around neck)
 t - a ring of willpower (left claw)
 H - a ring of ice
 Q - a +6 ring of strength
 V - a +4 ring of evasion
Wands
 c - a wand of flame (68)
 d - a wand of charming (27)
 A - a wand of paralysis (3)
 K - a wand of polymorph (12)
 O - a wand of acid (7)
Scrolls
 h - 2 scrolls of magic mapping
 i - 2 scrolls of amnesia
 k - 2 scrolls of fog {unknown}
 s - a scroll of brand weapon
 u - a scroll of noise
 v - 2 scrolls of immolation
 x - a scroll of silence {unknown}
 y - a scroll of blinking {unknown}
 E - 3 scrolls of identify {@r1}
 I - 4 scrolls of vulnerability
 J - 5 scrolls of teleportation {@r4}
 L - a scroll of acquirement
 M - 2 scrolls of enchant weapon {unknown}
 U - a scroll of holy word {unknown}
 X - a scroll of fear
Potions
 a - 3 potions of heal wounds {@q2}
 b - a potion of attraction
 j - 3 potions of lignification
 n - 6 potions of curing {@q1}
 p - 4 potions of ambrosia
 w - 3 potions of brilliance
 B - a potion of resistance {unknown}
 D - 2 potions of degeneration
 G - 2 potions of flight
 N - a potion of magic
 R - a potion of haste {unknown}
 S - a potion of mutation {unknown}
 T - a potion of invisibility {unknown}
Miscellaneous
 e - a piece from Xom's chessboard (15/15)


   Skills:
 + Level 9.8 Fighting
 - Level 3.6 Armour
 + Level 12.8 Dodging
 - Level 0.8 Stealth
 * Level 5.9 Shields
 - Level 10.0 Unarmed Combat
 - Level 4.0 Spellcasting
 - Level 10.7 Transmutations
 - Level 10.7 Earth Magic
 - Level 6.0 Invocations
 - Level 3.0 Evocations


You had 15 spell levels left.
You knew the following spells:

 Your Spells              Type           Power      Damage    Failure   Level
a - Statue Form           Tmut/Erth      34%        N/A       19%         6

Your spell library contained the following spells:

 Spells                   Type           Power      Damage    Failure   Level
 Sting                    Tmut/Pois      100%       1d8       1%          1
 Passwall                 Tmut/Erth      43%        N/A       1%          2
 Stone Arrow              Conj/Erth      58%        3d10      3%          3
 Lee's Rapid Deconstruct  Erth           26%        3d15*     3%          5
 Ignite Poison            Fire/Tmut/Pois 21%        N/A       7%          3
 Corona                   Hex            4%         N/A       11%         1
 Foxfire                  Conj/Fire      16%        2x1d4     11%         1
 Magic Dart               Conj           16%        1d3       11%         1
 Animate Armour           Summ/Erth      58%        N/A       12%         4
 Leda's Liquefaction      Hex/Erth       14%        N/A       12%         4
 Blink                    Tloc           N/A        N/A       16%         2
 Call Imp                 Summ           4%         N/A       16%         2
 Corpse Rot               Necr/Air       N/A        N/A       16%         2
 Ensorcelled Hibernation  Hex/Ice        8%         N/A       16%         2
 Poisonous Vapours        Pois/Air       8%         N/A       16%         2
 Slow                     Hex            4%         N/A       16%         2
 Sublimation of Blood     Necr           2%         N/A       16%         2
 Confusing Touch          Hex            4%         N/A       30%         3
 Conjure Flame            Conj/Fire      4%         6-21      30%         3
 Dazzling Flash           Conj/Hex       8%         N/A       30%         3
 Inner Flame              Hex/Fire       4%         N/A       30%         3
 Mephitic Cloud           Conj/Pois/Air  4%         N/A       30%         3
 Swiftness                Air            4%         N/A       30%         3
 Tukima's Dance           Hex            4%         N/A       30%         3
 Bolt of Magma            Conj/Fire/Erth 10%        4d7       54%         5
 Dispel Undead            Necr           4%         3d7       71%         4
 Olgreb's Toxic Radiance  Pois           4%         N/A       71%         4
 Passage of Golubria      Tloc           N/A        N/A       71%         4
 Sticky Flame             Conj/Fire      4%         2d3       71%         4
 Eringya's Noxious Bog    Tmut/Pois      14%        N/A       87%         6
 Iron Shot                Conj/Erth      14%        9d4       87%         6
 Agony                    Necr           4%         N/A       96%         5
 Excruciating Wounds      Necr           2%         N/A       96%         5
 Fireball                 Conj/Fire      2%         3d4       96%         5
 Freezing Cloud           Conj/Ice/Air   2%         6-21      96%         5
 Summon Forest            Summ/Tloc      2%         N/A       96%         5
 Summon Mana Viper        Hex/Summ       4%         N/A       96%         5
 Invisibility             Hex            2%         N/A       100%        6
 Shadow Creatures         Summ           N/A        N/A       100%        6
 Summon Hydra             Summ           2%         N/A       100%        7
 Shatter                  Erth           26%        3d22*     100%        9


Dungeon Overview and Level Annotations

Branches:
Dungeon (11/15)            Temple (1/1) D:5            Lair (6/6) D:11
  Swamp (0/4) Lair:3        Snake (0/4) Lair:2        Slime (0/5) Lair:6
    Orc (2/2) D:9             Elf (0/3) Orc:2         IceCv (visited)

Altars:
Ashenzari
Hepliaklqana
Makhleb
Okawaru
Sif Muna
Trog
Beogh

Shops:
D:4 =   D:8 (?   D:9 :   Orc:2 ?=(*

Annotations:
D:3 2 transporters, avis's ghost, amateur HOFi
Lair:1 exclusion: hydra
Lair:4 exclusion: 4 oklob plants
Lair:6 exclusion: 4 oklob plants


Innate Abilities, Weirdness & Mutations

You are a living statue of rough stone.
Your actions are slow, but your melee attacks are powerful.
You are resistant to unholy torment.
Your maximum health is greatly increased.
You are immune to poison.
Your equipment is partially melded.
You have claws for hands.
You sometimes emit foul miasma when damaged in melee.
A meltable icy envelope protects you from harm. (AC +4)
You have an extremely huge brain. (Int +4)
A meltable shield of frost defends you. (SH +4)


Message History

The oklob plant is lightly damaged.
The oklob plant spits acid at you.
The splash of acid hits you but does no damage.
You are splashed with acid!
The oklob plant spits acid at you. The splash of acid hits you!
You are splashed with acid!
As you read the scroll of teleportation {@r4}, it crumbles to dust.
You feel strangely unstable. The oklob plant spits acid at you.
The splash of acid hits you.
You are splashed with acid!
The oklob plant spits acid at you.
The splash of acid hits you but does no damage.
The acid corrodes you!
You are splashed with acid!
* * * LOW HITPOINT WARNING * * *
Okay, then.
You feel much better. The oklob plant spits acid at you.
The splash of acid hits you but does no damage.
The acid corrodes you!
You are splashed with acid!
The oklob plant spits acid at you. The splash of acid misses you.
The oklob plant spits acid at you.
The splash of acid hits you but does no damage.
You are splashed with acid!
* * * LOW HITPOINT WARNING * * *
You feel much better. The oklob plant spits acid at you.
The splash of acid hits you!
* * * LOW HITPOINT WARNING * * *
You are splashed with acid!
* * * LOW HITPOINT WARNING * * *
The oklob plant spits acid at you. The splash of acid hits you!
* * * LOW HITPOINT WARNING * * *
You are splashed with acid!
* * * LOW HITPOINT WARNING * * *
The oklob plant spits acid at you.
The splash of acid hits you but does no damage.
The acid corrodes you!
You are splashed with acid!
You die...

...÷..............
...÷÷...............
...................#
...................###
.....................# #
)†.<.................#..
<††....................#
.................P.P..##
................8.>P...#
...####...........P....#
...# #.P##...........##
...# ####............#
...#### .##.......#.##
....... .........###
....... ..........#
....... ...........
....... .....


You could see 4 oklob plants.

Vanquished Creatures
  Kirke (Lair:6)
  A reaper (IceCv)
  A dire elephant (Lair:6)
  Snorg (D:10)
  7 hydras
  A catoblepas (Lair:2)
  An alligator (Lair:4)
  2 two-headed ogres
  7 death yaks
  Urug (Orc:1)
  Nergalle (D:11)
  An ugly thing (D:10)
  A deep elf pyromancer (Orc:1)
  A deep elf zephyrmancer (Orc:1)
  An oklob plant (Lair:6)
  2 orc knights
  A guardian serpent (Lair:2)
  5 elephants (Lair:6)
  8 black mambas
  2 ice statues (IceCv)
  13 cane toads
  Maggie (D:10)
  A gargoyle (D:11)
  An unseen horror (D:11)
  2 rime drakes
  11 komodo dragons
  8 ice devils (IceCv)
  2 hornets (D:10)
  5 polar bears
  4 trolls
  5 blink frogs (Lair:1)
  Grinder (D:4)
  5 wyverns
  6 hogs (Lair:6)
  4 basilisks
  54 yaks
  A steam dragon (D:9)
  3 vampire mosquitoes (D:9)
  21 water moccasins
  42 orc warriors
  A swamp drake (Orc:1)
  An ice beast (D:8)
  3 black bears
  3 ogres
  12 wolves
  10 centaurs
  A kobold brigand (D:6)
  A wyvern zombie (D:7)
  9 bullfrogs
  A scorpion (D:6)
  A gnoll sergeant (D:9)
  Dowan (D:5)
  A water moccasin skeleton (D:5)
  8 killer bees
  11 wights
  A howler monkey (D:7)
  An electric eel (Lair:4)
  A crimson imp (Orc:1)
  4 centaur zombies
  3 centaur skeletons
  2 hounds
  A jelly (D:7)
  15 orc priests
  2 gnoll shamans
  An iron imp (Orc:1)
  An iguana (D:4)
  20 orc wizards
  2 hell rats
  A killer bee zombie (D:6)
  12 gnolls
  8 adders
  2 river rats (D:11)
  10 white imps
  6 ufetubi
  A worm (D:2)
  2 dart slugs
  75 orcs
  5 endoplasms
  2 giant cockroaches
  9 goblins
  8 hobgoblins
  12 jackals
  8 kobolds
  5 quokkas
  8 ball pythons
  3 bats
  A frilled lizard (D:2)
  3 rats
  A bush (D:9)
  2 butterflies (Lair:3)
538 creatures vanquished.

Vanquished Creatures (collateral kills)
  Rupert (Lair:3)
  Donald (Orc:1)
  An orc sorcerer (Orc:2)
  Duvessa (D:5)
  2 centaurs (Orc:2)
  An orc priest (Orc:2)
  An orc wizard (Orc:2)
  6 orcs
14 creatures vanquished.

Vanquished Creatures (others)
  An orc wizard (D:7)
  A shadow imp (Orc:1)
  A white imp (IceCv)
  6 ufetubi (IceCv)
  An orc (Orc:1)
  3 fungi
  26 plants
  14 withered plants (Lair:6)
53 creatures vanquished.

Grand Total: 605 creatures vanquished

Notes
Turn   | Place    | Note
-------+----------+-------------------------------------------
     0 | D:1      | freelancePsychic the Demonspawn Artificer began the quest
                  | for the Orb.
     0 | D:1      | Reached XP level 1. HP: 15/15 MP: 1/1
   179 | D:1      | Reached skill level 1 in Dodging
   415 | D:1      | Gained mutation: You have sharp fingernails. [demonic
                  | ancestry]
   415 | D:1      | Reached XP level 2. HP: 21/21 MP: 2/2
   735 | D:1      | Reached skill level 1 in Unarmed Combat
   876 | D:1      | Found a faded altar of an unknown god.
  1343 | D:2      | Reached XP level 3. HP: 19/27 MP: 3/3
  2864 | D:2      | Gained mutation: You may rarely emit foul miasma when
                  | damaged in melee. [demonic ancestry]
  2864 | D:2      | Reached XP level 4. HP: 33/33 MP: 4/4
  2875 | D:2      | Found an iron altar of Okawaru.
  2881 | D:2      | Became a worshipper of Warmaster Okawaru
  2989 | D:3      | Noticed a bullfrog
  2993 | D:3      | Killed a bullfrog
  2994 | D:3      | Reached skill level 1 in Invocations
  2994 | D:3      | Reached XP level 5. HP: 21/38 MP: 4/6
  3771 | D:3      | Noticed avis's ghost (amateur HOFi)
  3860 | D:3      | Identified a scroll of acquirement
  3861 | D:3      | Acquired 1086 gold pieces
  3961 | D:3      | Found a transporter.
  3973 | D:3      | Found a transporter.
  4401 | D:4      | Noticed Grinder
  4403 | D:4      | Paralysed by Grinder for 6 turns
  4490 | D:5      | Entered Level 5 of the Dungeon
  4495 | D:5      | Found a staircase to the Ecumenical Temple.
  4733 | D:4      | Reached XP level 6. HP: 15/44 MP: 8/8
  5102 | D:4      | Found Kuxeclat's Jewellery Shop.
  5107 | D:4      | Bought the ring "Ziehov" {rPois AC+4 Int+6} for 657 gold
                  | pieces
  5108 | D:4      | Bought an amulet of regeneration for 330 gold pieces
  5156 | D:5      | Reached * piety under Okawaru
  5325 | D:5      | Noticed Dowan
  5368 | Temple   | Entered the Ecumenical Temple
  5384 | D:5      | Reached skill level 5 in Unarmed Combat
  5396 | D:5      | Killed Dowan
  5422 | D:5      | Noticed Duvessa
  5436 | D:5      | Killed Duvessa
  5436 | D:5      | Reached ** piety under Okawaru
  5437 | D:5      | Gained mutation: A meltable shield of frost defends you.
                  | (SH +4) [demonic ancestry]
  5437 | D:5      | Reached XP level 7. HP: 51/51 MP: 9/9
  6242 | D:6      | Gained mutation: You have an unusually large brain. (Int
                  | +2) [demonic ancestry]
  6242 | D:6      | Reached XP level 8. HP: 56/60 MP: 10/10
  6666 | D:7      | Reached skill level 2 in Dodging
  6826 | D:7      | Found a bloodstained altar of Trog.
  6845 | D:7      | Reached *** piety under Okawaru
  6846 | D:7      | Reached skill level 3 in Dodging
  6881 | D:7      | Found a shimmering blue altar of Sif Muna.
  6975 | D:7      | Identified the +6 mace of Gin and Tonic {venom, Dex+2}
  7172 | D:7      | Reached skill level 4 in Dodging
  7462 | D:7      | Reached skill level 5 in Fighting
  7783 | D:4      | Killed Grinder
  7906 | D:8      | Found Woga's Hydra Hut.
  7906 | D:8      | Noticed a five-headed hydra
  7972 | D:8      | Gained mutation: You have very sharp fingernails. [demonic
                  | ancestry]
  7972 | D:8      | Reached XP level 9. HP: 54/68 MP: 11/11
  8106 | D:8      | Reached skill level 5 in Dodging
  8198 | D:8      | Noticed a troll
  8208 | D:8      | Killed a troll
  8208 | D:8      | Reached **** piety under Okawaru
  8209 | D:8      | Reached skill level 6 in Dodging
  8319 | D:8      | Found Eggarch's Magic Scroll Emporium.
  8322 | D:8      | Bought a scroll of enchant armour for 105 gold pieces
  8322 | D:8      | Bought a scroll of enchant armour for 105 gold pieces
  8880 | D:9      | Found a staircase to the Orcish Mines.
  8932 | D:9      | Reached skill level 7 in Dodging
  9021 | D:9      | Noticed a two-headed ogre
  9028 | D:9      | Killed a two-headed ogre
  9029 | D:9      | Reached skill level 8 in Dodging
  9069 | D:9      | Gained mutation: A meltable icy envelope protects you from
                  | harm. (AC +4) [demonic ancestry]
  9069 | D:9      | Reached XP level 10. HP: 72/77 MP: 12/12
  9111 | D:9      | Reached skill level 9 in Dodging
  9282 | D:9      | Found Fuunoiff's Book Shoppe.
  9332 | D:9      | Reached ***** piety under Okawaru
  9382 | D:9      | Reached skill level 10 in Dodging
  9769 | D:10     | Entered Level 10 of the Dungeon
  9894 | D:10     | Reached skill level 11 in Dodging
 10188 | D:10     | Received a gift from Okawaru
 10270 | D:10     | Noticed Maggie
 10278 | D:10     | Killed Maggie
 10298 | D:10     | Reached XP level 11. HP: 86/86 MP: 11/13
 10298 | D:10     | Noticed Snorg
 10311 | D:10     | Killed Snorg
 10311 | D:10     | Received a gift from Okawaru
 10312 | D:10     | Reached skill level 12 in Dodging
 10312 | D:10     | Reached skill level 10 in Unarmed Combat
 10589 | D:11     | Noticed a green ugly thing
 10591 | D:11     | Noticed a five-headed hydra
 10611 | D:10     | Killed a green ugly thing
 10673 | D:10     | Acquired 748 gold pieces
 10750 | D:9      | Bought a book of the Earth for 845 gold pieces
 10757 | D:9      | Learned a level 6 spell: Statue Form
 10795 | Orc:1    | Entered Level 1 of the Orcish Mines
 10956 | Orc:1    | Noticed an orc knight
 10966 | D:9      | Reached skill level 1 in Transmutations
 10966 | D:9      | Reached skill level 1 in Earth Magic
 10998 | D:9      | Killed an orc knight
 11454 | Orc:2    | Entered Level 2 of the Orcish Mines
 11463 | Orc:2    | Noticed Donald
 11476 | Orc:1    | Reached skill level 5 in Invocations
 11514 | Orc:1    | Killed Donald
 11668 | Orc:2    | Found a staircase to the Elven Halls.
 11700 | Orc:2    | Received a gift from Okawaru
 11916 | Orc:2    | Noticed an orc sorcerer
 11932 | Orc:1    | Noticed Urug
 11998 | Orc:2    | Paralysed by an orc sorcerer for 4 turns
 12006 | Orc:2    | Killed an orc sorcerer
 12211 | Orc:2    | Noticed an orc knight
 12293 | Orc:1    | Killed Urug
 12447 | Orc:1    | Noticed a deep elf zephyrmancer
 12458 | Orc:1    | HP: 1/87 [deep elf zephyrmancer/bolt of lightning (30)]
 12465 | Orc:1    | Killed a deep elf zephyrmancer
 12466 | Orc:1    | Reached skill level 5 in Transmutations
 12466 | Orc:1    | Reached skill level 5 in Earth Magic
 12529 | Orc:1    | Noticed a deep elf pyromancer
 12536 | Orc:1    | Killed a deep elf pyromancer
 12537 | Orc:1    | Gained mutation: You have claws for hands. [demonic
                  | ancestry]
 12537 | Orc:1    | Reached XP level 12. HP: 94/94 MP: 16/16
 12961 | Orc:2    | Found Vurem's Weapon Shop.
 12961 | Orc:2    | Found Nithrola's Jewellery Emporium.
 12963 | Orc:2    | Found Lyeniug's Magic Scroll Shoppe.
 12965 | Orc:2    | Found Udorayla's General Store.
 13190 | D:11     | Noticed a death yak
 13191 | D:11     | Noticed a death yak
 13191 | D:11     | Noticed a two-headed ogre
 13218 | D:11     | Killed a death yak
 13219 | D:11     | Reached skill level 1 in Spellcasting
 13221 | D:11     | Killed a death yak
 13231 | D:11     | Killed a two-headed ogre
 13267 | D:11     | Noticed a death yak
 13292 | D:11     | Killed a death yak
 13347 | D:11     | Found a staircase to the Lair.
 13685 | D:11     | Noticed Nergalle
 13704 | D:11     | Killed Nergalle
 13930 | Lair:1   | Entered Level 1 of the Lair of Beasts
 13930 | Lair:1   | Noticed an eight-headed hydra
 13951 | Lair:1   | Reached ****** piety under Okawaru
 13951 | Lair:1   | Received a gift from Okawaru
 14379 | Lair:2   | Noticed a catoblepas
 14433 | Lair:2   | Found a frozen archway.
 14442 | IceCv    | Entered an ice cave
 14674 | IceCv    | Found the +3 pair of seven-league boots {Rampage+∞}
 14682 | IceCv    | Gained mutation: You sometimes emit foul miasma when
                  | damaged in melee. [demonic ancestry]
 14682 | IceCv    | Reached XP level 13. HP: 88/99 MP: 19/19
 14854 | IceCv    | Noticed a reaper
 14871 | IceCv    | Killed a reaper
 14894 | IceCv    | Identified the +1 ice dragon scales of Trial and Error {rF-
                  | rC++ rN+ Str-4 Int+4}
 15470 | Lair:2   | Found a staircase to the Snake Pit.
 15678 | Lair:3   | Received a gift from Okawaru
 15941 | Lair:3   | Found a staircase to the Swamp.
 16276 | Lair:3   | Received a gift from Okawaru
 16331 | Lair:3   | Reached skill level 10 in Earth Magic
 16377 | Lair:3   | Reached skill level 10 in Transmutations
 16917 | Lair:3   | Noticed Rupert
 16932 | Lair:3   | Killed Rupert
 16940 | Lair:3   | Acquired 495 gold pieces
 17278 | Lair:4   | Gained mutation: You have an extremely huge brain. (Int +4)
                  | [demonic ancestry]
 17278 | Lair:4   | Reached XP level 14. HP: 96/106 MP: 20/20
 17700 | Lair:4   | Reached skill level 1 in Shields
 18749 | Lair:5   | Found a hazy altar of Hepliaklqana.
 19173 | Lair:6   | Entered Level 6 of the Lair of Beasts
 19194 | Lair:6   | Received a gift from Okawaru
 19553 | Lair:6   | Noticed Kirke
 19563 | Lair:6   | Killed Kirke
 19581 | Lair:6   | Reached skill level 5 in Shields
 19854 | Lair:6   | Received a gift from Okawaru
 19855 | Lair:6   | Found the +8 Vampire's Tooth {vamp}
 19965 | Lair:6   | Found a staircase to the Slime Pits.
 19973 | Lair:6   | Splashed by an oklob plant's acid

Illustrated notes

Levels and vault maps discovered:
D:1:      dpeg_arrival_court, layout_basic,
          shapermc_ecumenical_altar_starsandcircs, serial_park_tiny_2,
          minmay_tetromino_i4
D:2:      minmay_angry_zag, layout_loops_cross, basic_altar,
          kennysheep_generic_room_4
D:3:      layout_loops_ring, gammafunk_ghost_arena
D:4:      layout_loops_cross, serial_shops, shop, uniq_grinder
D:5:      layout_cave_pools, minmay_temple_entry_mini_moons,
          minmay_misc_feat_square, uniq_duvessa
D:6:      layout_basic
D:7:      layout_loops_ring, nicolae_sif_muna_little_library,
          nicolae_overflow_crystal_walls, serial_bayou_crossing
D:8:      layout_basic, serial_shops, kennysheep_mini, doesnt_shop_hydraphobe
D:9:      layout_roguey [special_room_orc], orc_0_dummy, serial_shops,
          kennysheep_mini_moat, kb_lookout_dungeons_type
D:10:     layout_basic, uniq_snorg, uniq_maggie
D:11:     layout_stronghold, dpeg_lair_monsters, uniq_nergalle
Temple:   regret_index_temple_chain_breaker
Lair:1:   layout_regular_city, minivault_24, grunt_megastairs_2
Lair:2:   layout_loops_ring, minmay_snake_entry_spellcaster,
          portal_ice_cave_entry_pillars_1, beast_lair_carwin_9
Lair:3:   layout_cave_pods, minmay_swamp_entry_reptiles, lemuel_fruit_fields,
          uniq_rupert
Lair:4:   nzn_winding_woodlands_cross [nzn_winding_woodlands_5x15_sawtooth,
          nzn_winding_woodlands_5x15_lazy_stream,
          nzn_winding_woodlands_5x15_jagged, nzn_winding_woodlands_5x15_crooked,
          nzn_winding_woodlands_15x15_eel_pit], layout_cave_pods, st_stairs_13,
          minmay_lair_oklob_chamber
Lair:5:   layout_layer_cave, basic_altar, grunt_megastairs_4
Lair:6:   due_jungle_book, layout_big_grid, minmay_slime_entry_oklob_open,
          uniq_kirke
Orc:1:    layout_caves, hangedman_minor_magic, uniq_urug
Orc:2:    st_orc_rangers, layout_diamond_mine, uniq_donald

Skill      XL: |  1  2  3  4  5  6  7  8  9 10 11 12 13 14 |
---------------+-------------------------------------------+-----
Dodging        | 1 4 8 11 12 | 12.8
Unarmed Combat | 1 2 3 4 5 6 7 9 10 | 10.0
Invocations    | 1 3 6 |  6.0
Fighting       | 2 3 5 6 8 9 |  9.8
Armour         | 2 3 |  3.6
Transmutations | 5 8 10 | 10.7
Earth Magic    | 5 8 10 | 10.7
Spellcasting   | 4 |  4.0
Shields        | 5 |  5.9
Stealth        | |  0.8
Evocations     | |  3.0

Action                   |  1- 3 |  4- 6 |  7- 9 | 10-12 | 13-15 || total
-------------------------+-------+-------+-------+-------+-------++-------
Melee: Whip              |    22 |       |       |       |       ||    22
       Club              |     9 |       |       |       |       ||     9
       Unarmed           |   146 |   153 |   338 |  1039 |   662 ||  2338
       Punch             |       |     1 |    12 |    58 |    31 ||   102
 Cast: Statue Form       |       |       |       |       |    19 ||    19
Invok: Heroism           |       |       |     2 |    14 |     5 ||    21
       Finesse           |       |       |       |     5 |     1 ||     6
Evoke: Wand              |     1 |     8 |     6 |    13 |    19 ||    47
       Piece from Xom's  |       |     1 |       |       |     7 ||     8
  Use: Scroll            |     4 |    10 |     5 |     6 |     3 ||    28
       Potion            |       |     1 |       |     3 |     6 ||    10
 Stab: Sleeping          |     3 |     1 |       |     2 |       ||     6
       Paralysed         |       |       |       |     8 |       ||     8
Armor: Leather armour    |    45 |     1 |       |       |       ||    46
       Scale mail        |       |    71 |   132 |   120 |       ||   323
       Steam dragon scal |       |       |       |   255 |   162 ||   417
       Skin              |       |       |       |       |   142 ||   142
Dodge: Dodged            |   112 |    83 |   162 |   847 |   552 ||  1756
Block: Other             |       |       |    53 |   165 |   129 ||   347

Table legend: (Time is in decaauts)
 A = Elapsed time spent in this place.
 B = Non-inter-level travel time spent in this place.
 C = Inter-level travel time spent in this place.
 D = Time resting spent in this place.
 E = Time spent auto-exploring this place.
 F = Levels seen in this place.
 G = Mean time per level.
                   A        B        C        D        E       F      G
               +--------+--------+--------+--------+--------+-----+--------+
         Total |  20038 |  19239 |    799 |    992 |  13454 |  21 |  954.2 |
       Dungeon |  11802 |  11198 |    604 |    670 |   8052 |  11 | 1072.9 |
        Temple |     13 |     13 |      0 |     12 |      0 |   1 |   13.0 |
          Lair |   5778 |   5640 |    138 |     32 |   4389 |   6 |  963.0 |
  Orcish Mines |   1895 |   1839 |     56 |    179 |    936 |   2 |  947.5 |
      Ice Cave |    548 |    548 |      0 |     99 |     77 |   1 |  548.0 |
               +--------+--------+--------+--------+--------+-----+--------+

Top non-repeatable levels by time:
     D:2: 1675 daAuts
  Lair:4: 1564 daAuts
     D:1: 1292 daAuts
     D:9: 1282 daAuts
  Lair:3: 1227 daAuts
     D:3: 1156 daAuts
     D:4: 1127 daAuts
   Orc:2: 1077 daAuts
  Lair:6: 1007 daAuts
     D:7: 999 daAuts
     D:6: 962 daAuts
    D:10: 945 daAuts
     D:8: 841 daAuts
   Orc:1: 818 daAuts
    D:11: 811 daAuts
